 Dungeon Crawl Stone Soup version 0.21.1-1-g345015f (webtiles) character file.

877 kae the Ruffian (level 8, -14/69 HPs)
             Began as a Naga Transmuter on June 11, 2018.
             Demolished by Prince Ribbit (17 damage)
             ... on level 6 of the Dungeon.
             The game lasted 00:05:56 (5860 turns).

kae the Ruffian (Naga Transmuter)                   Turns: 5860, Time: 00:05:57

Health: -14/69     AC:  5    Str: 14    XL:     8   Next: 4%
Magic:  12/13      EV: 21    Int: 13    God:
Gold:   212        SH:  0    Dex: 18    Spells: 8/14 levels left

rFire    . . .     SeeInvis +     - Unarmed
rCold    . . .     Gourm    +   (shield currently unavailable)
rNeg     . . .     Faith    .   (armour currently unavailable)
rPois    x         Spirit   .   (helmet currently unavailable)
rElec    .         Reflect  .   (cloak currently unavailable)
rCorr    .         Harm     .   (gloves currently unavailable)
MR       +....                  (no barding)
Stlth    ++........             k - amulet of the gourmand
HPRegen  0.21/turn              i - +3 ring of protection
MPRegen  0.13/turn              (no ring)

@: spider-form (expiring)
A: tiny, see invisible, slow metabolism 1, spit poison 1, AC +2
a: Spit Poison, End Transformation


You were on level 6 of the Dungeon.
You were very full.
You were a venomous arachnid creature.
You visited 1 branch of the dungeon, and saw 6 of its levels.

You collected 212 gold pieces.

Inventory:

Missiles
 a - 140 arrows
Armour
 b - a +0 robe (melded)
Jewellery
 i - a +3 ring of protection (left front leg)
 k - an amulet of the gourmand (around neck)
 l - an uncursed amulet of harm
Scrolls
 e - a scroll of identify
 g - 5 scrolls of enchant armour
 h - a scroll of random uselessness {unknown}
 j - 4 scrolls of remove curse
 q - a scroll of fog {unknown}
Potions
 f - a potion of berserk rage {unknown}
 m - a potion of haste
 n - a potion of ambrosia
 o - a potion of cancellation
 p - a potion of lignification {unknown}
Books
 c - a book of Changes

   Spells                             Type                      Level
   a - Beastly Appendage              Transmutation                1
   b - Sticks to Snakes               Transmutation                2
   c - Spider Form                    Transmutation/Poison         3
   d - Ice Form                       Ice/Transmutation            4
   e - Blade Hands                    Transmutation                5
Comestibles
 d - 9 rations


   Skills:
 + Level 3.4 Fighting
 + Level 3.3 Dodging
 * Level 6.0 Unarmed Combat
 + Level 3.7 Spellcasting
 + Level 4.0 Transmutations


You had 8 spell levels left.
You knew the following spells:

 Your Spells              Type           Power        Failure   Level  Hunger
a - Beastly Appendage     Tmut           ##....       13%         1    #......
b - Sticks to Snakes      Tmut           ##......     17%         2    ##.....
c - Spider Form           Tmut/Pois      #.........   50%         3    ###....


Dungeon Overview and Level Annotations

Branches:
Dungeon (6/15)
 Temple: D:4-7

Altars:
Cheibriados
Qazlal
Wu Jian

Annotations:
D:4 kae's ghost, amateur HOAK
D:5 kae's ghost, novice HOAK
D:6 Prince Ribbit


Innate Abilities, Weirdness & Mutations

You cannot wear boots.
((Your serpentine skin is tough. (AC +2)))
You have supernaturally acute eyesight. (SInv)
((Armour fits poorly on your strangely shaped body.))
((Your system is resistant to poisons. (rPois)))
((You cover ground very slowly.))
You have a slow metabolism.
You can spit poison.


Message History

You completely miss Prince Ribbit.
Prince Ribbit is heavily wounded.
Prince Ribbit closely misses you.
You hit Prince Ribbit but do no damage.
Prince Ribbit is severely wounded.
The kobold misses you.
Prince Ribbit mumbles some strange words.
Prince Ribbit looks slightly unstable.
The orc wizard gestures at you while chanting.
The puff of flame hits you!
You hit the orc priest but do no damage.
Prince Ribbit hits you!
* * * LOW HITPOINT WARNING * * *
The orc priest hits you with a flail.
* * * LOW HITPOINT WARNING * * *
The orc wizard gestures wildly while chanting.
The orc wizard seems to speed up.
The kobold hits you with a scimitar.
* * * LOW HITPOINT WARNING * * *
Prince Ribbit hits you!
You die...

.... ... ... ######..#
.##.......# ........#.#
......FoK.# #so########
#...(.....# #..####.###.. .
# #..#....# #.P♣♣##
#.#.#..#.#### ♣PP..P# ..
##.#.#..#.# #♣♣♣.P.PP##
.....#.........###P♣.♣..PP.#
.....#..#.#.##.#.P♣.♣..♣...#
.....#..#.#.##.#.PP....P.♣P#


You could see Prince Ribbit, an orc priest, an orc wizard and a kobold.

Vanquished Creatures
  An ice beast (D:6)
  An ogre (D:6)
  2 centaurs
  A big kobold (D:6)
  A bullfrog (D:6)
  A crimson imp (D:5)
  2 orc priests (D:5)
  A jelly (D:6)
  A bullfrog skeleton (D:5)
  An orc wizard (D:6)
  3 worker ants
  2 gnolls
  2 adders
  A shadow imp (D:6)
  2 oozes
  3 worms (D:2)
  2 dart slugs
  3 leopard geckos
  3 orcs
  A ball python (D:1)
  4 giant cockroaches
  5 goblins
  8 hobgoblins
  5 jackals
  29 kobolds
  4 quokkas
  5 bats
  4 frilled lizards (D:1)
  A leopard gecko zombie (D:6)
  4 rats (D:1)
103 creatures vanquished.

Vanquished Creatures (others)
  A bullfrog (D:6)
  An orc (D:5)
  2 plants (D:6)
4 creatures vanquished.

Grand Total: 107 creatures vanquished

Notes
Turn   | Place    | Note
-------+----------+-------------------------------------------
     0 | D:1      | kae the Naga Transmuter began the quest for the Orb.
     0 | D:1      | Reached XP level 1. HP: 18/18 MP: 3/3
   176 | D:1      | Reached XP level 2. HP: 10/25 MP: 3/5
   851 | D:1      | Reached XP level 3. HP: 11/31 MP: 4/6
  2673 | D:2      | Reached XP level 4. HP: 38/38 MP: 5/7
  3175 | D:3      | Found a snail-covered altar of Cheibriados.
  3222 | D:3      | Found an ornate altar of the Wu Jian Council.
  3222 | D:3      | Found a stormy altar of Qazlal.
  3559 | D:4      | Learned a level 2 spell: Sticks to Snakes
  3563 | D:4      | Learned a level 3 spell: Spider Form
  3646 | D:4      | Noticed kae's ghost (amateur HOAK)
  3648 | D:4      | Reached skill level 4 in Unarmed Combat
  3923 | D:5      | Entered Level 5 of the Dungeon
  3934 | D:5      | Noticed a centaur
  3948 | D:5      | Reached XP level 5. HP: 20/45 MP: 0/9
  3956 | D:5      | Killed a centaur
  3956 | D:5      | Reached XP level 6. HP: 20/54 MP: 1/10
  4030 | D:5      | Noticed kae's ghost (novice HOAK)
  4561 | D:6      | Reached skill level 5 in Unarmed Combat
  4663 | D:6      | Reached XP level 7. HP: 35/61 MP: 8/11
  5785 | D:6      | Reached XP level 8. HP: 69/69 MP: 4/13
  5853 | D:6      | Noticed Prince Ribbit
  5853 | D:6      | Reached skill level 6 in Unarmed Combat
  5860 | D:6      | HP: 3/69 [kobold/scimitar (4)]
  5860 | D:6      | Demolished by Prince Ribbit

Skill      XL: |  1  2  3  4  5  6  7  8 |
---------------+-------------------------+-----
Dodging        | 2 3 |  3.3
Unarmed Combat | 4 5 6 |  6.0
Fighting       | 2 3 |  3.4
Transmutations | 3 4 |  4.0
Spellcasting   | 3 |  3.7

Action                   |  1- 3 |  4- 6 |  7- 9 || total
-------------------------+-------+-------+-------++-------
Melee: Unarmed           |   176 |   134 |   109 ||   419
       Headbutt          |    13 |     4 |       ||    17
       Punch             |     4 |     1 |       ||     5
 Cast: Beastly Appendage |    25 |     7 |       ||    32
       Spider Form       |       |    12 |     8 ||    20
  Use: Scroll            |     4 |    10 |       ||    14
       Potion            |       |     7 |       ||     7
 Stab: Sleeping          |       |     1 |       ||     1
  Eat: Chunk             |     7 |    14 |     4 ||    25
Armor: Robe              |    33 |    40 |    15 ||    88
       Skin              |       |    10 |     5 ||    15
Dodge: Dodged            |    83 |   114 |   102 ||   299
